 Dungeon Crawl Stone Soup version 0.27.1-3-gb3d3a73c9e (webtiles) character file.

Game seed: 7697772150231478016

142 Crownlay the Sneak (level 5, -4/31 HPs)
             Began as an Octopode Earth Elementalist on Oct 23, 2021.
             Slain by a scorpion (7 damage)
             ... on level 4 of the Dungeon.
             The game lasted 00:05:21 (3138 turns).

Crownlay the Sneak (Octopode Earth Elementalist)    Turns: 3138, Time: 00:05:22

Health: -4/31      AC:  1    Str:  8    XL:     5   Next: 24%
Magic:  4/17       EV: 13    Int: 18    God:
Gold:   160        SH:  4    Dex: 12    Spells: 4/8 levels left

rFire    . . .     SeeInvis .   c - +0 dagger
rCold    . . .     Faith    .   g - +0 buckler
rNeg     . . .     Spirit   .   (helmet restricted)
rPois    .         Reflect  .   (no amulet)
rElec    .         Harm     .   n - ring of magical power
rCorr    .         Rampage  .   (no ring)
Will     .....                  (no ring)
Stlth    ++++......             (no ring)
HPRegen  0.10/turn              (no ring)
MPRegen  0.15/turn              (no ring)
                                (no ring)
                                (no ring)

@: very slightly contaminated
A: almost no armour, amphibious, 8 rings, camouflage 1, gelatinous body 1,
(nimble swimmer 1), tentacles
a: no special abilities


You were on level 4 of the Dungeon.
You visited 1 branch of the dungeon, and saw 4 of its levels.

You collected 160 gold pieces.

Inventory:

Hand Weapons
 c - a +0 dagger (weapon)
Missiles
 b - 3 stones
Armour
 g - a +0 buckler (worn)
Jewellery
 n - a ring of magical power (left tentacle)
Scrolls
 d - a scroll of noise {unknown}
 f - a scroll of blinking {unknown}
 h - a scroll of magic mapping {unknown}
 j - a scroll of enchant armour {unknown}
 m - a scroll of identify {unknown}
Potions
 a - 2 potions of invisibility {unknown}
 e - a potion of degeneration {unknown}
 i - a potion of flight {unknown}
 k - a potion of lignification {unknown}
 l - a potion of brilliance {unknown}


   Skills:
 - Level 2.0 Dodging
 - Level 4.4 Stealth
 * Level 3.6 Shields
 - Level 2.0 Spellcasting
 - Level 1.0 Transmutations
 - Level 3.4 Earth Magic


You had 4 spell levels left.
You knew the following spells:

 Your Spells              Type           Power      Damage    Failure   Level
a - Sandblast             Erth           28%        2d8       4%          1
b - Stone Arrow           Conj/Erth      14%        3d7       28%         3

Your spell library contained the following spells:

 Spells                   Type           Power      Damage    Failure   Level
 Passwall                 Tmut/Erth      7%         N/A       12%         2
 Shock                    Conj/Air       4%         1d3       19%         1
 Ozocubu's Armour         Ice            1%         N/A       50%         3
 Swiftness                Air            1%         N/A       50%         3
 Petrify                  Tmut/Erth      9%         N/A       58%         4
 Airstrike                Air            0%         N/A       88%         4
 Bolt of Magma            Conj/Fire/Erth 2%         4d4       97%         5
 Metabolic Englaciation   Hex/Ice        0%         N/A       99%         5
 Simulacrum               Ice/Necr       0%         N/A       100%        6
 Shatter                  Erth           7%         3d9*      100%        9


Dungeon Overview and Level Annotations

Branches:
Dungeon (4/15)
 Temple: D:4-7

Altars:
Dithmenos


Innate Abilities, Weirdness & Mutations

You cannot wear most types of armour.
You are amphibious.
You can wear up to eight rings at the same time.
Your skin changes colour to match your surroundings (Stealth+).
Your rubbery body absorbs attacks. (AC +1, EV +1)
((You are camouflaged near water. (Stealth+)))
You have tentacles for arms and can constrict up to eight enemies at once.


Message History

You miscast Sandblast.
Nothing appears to happen.
The scorpion stings you.
The blast of sand misses the scorpion.
The scorpion misses you.
The blast of sand hits the scorpion but does no damage.
The goblin shouts!
The scorpion barely misses you.
The goblin shoots a stone.
The stone hits you.
The blast of sand hits the scorpion.
The scorpion is moderately wounded.
The scorpion stings you.
The goblin shoots a stone.
The stone barely misses you. The scorpion barely misses you.
The blast of sand misses the scorpion.
The scorpion stings you.
The goblin shoots a stone.
The stone closely misses you.
The blast of sand hits the scorpion!
The scorpion is severely wounded.
The scorpion closely misses you.
The goblin shoots a stone.
The stone hits you.
You are too injured to fight recklessly!
Casting: Sandblast (safe; 4% risk of failure)
Confirm with . or Enter, or press ? or * to list all spells.
Aiming: Sandblast (safe; 4% risk of failure)
Press: ? - help, Shift-Dir - straight line, f/p - scorpion
Aim: a scorpion (severely wounded, 79% to hit)
The blast of sand misses the scorpion.
The scorpion stings you!
* * * LOW HITPOINT WARNING * * *
Casting: Sandblast (safe; 4% risk of failure)
Confirm with . or Enter, or press ? or * to list all spells.
Aiming: Sandblast (safe; 4% risk of failure)
Press: ? - help, Shift-Dir - straight line, f/p - scorpion
Aim: a scorpion (severely wounded, 79% to hit)
The blast of sand hits the scorpion but does no damage.
The scorpion is severely wounded.
The scorpion barely misses you.
The goblin shoots a stone.
The stone hits you.
* * * LOW HITPOINT WARNING * * *
Casting: Sandblast (safe; 4% risk of failure)
Confirm with . or Enter, or press ? or * to list all spells.
Aiming: Sandblast (safe; 4% risk of failure)
Press: ? - help, Shift-Dir - straight line, f/p - scorpion
Aim: a scorpion (severely wounded, 79% to hit)
The blast of sand hits the scorpion but does no damage.
The scorpion is severely wounded.
The scorpion stings you!
You die...

.. # ### .# .# #.. .##.#
#..### .... #...######
..# # ###......##.##.###
######@......?...
$.......s)<).#..#
....#.....##.g...# #
.≈.....#...# ....# #
≈...>....... ...#######
...........#.. ........#
.♣..................#..#
≈......................
.##.##.#.##.### ####...


You could see a scorpion and a goblin.

Vanquished Creatures
  An orc priest (D:4)
  A hound skeleton (D:3)
  4 adders (D:3)
  2 worms
  A dart slug (D:3)
  3 orcs
  7 ball pythons
  6 endoplasms
  4 giant cockroaches
  2 goblins
  6 hobgoblins
  4 quokkas (D:1)
  4 bats
  A kobold (D:2)
  4 rats
50 creatures vanquished.

Notes
Turn   | Place    | Note
-------+----------+-------------------------------------------
     0 | D:1      | Crownlay the Octopode Earth Elementalist began the quest
                  | for the Orb.
     0 | D:1      | Reached XP level 1. HP: 11/11 MP: 3/3
   131 | D:1      | Reached skill level 3 in Stealth
   243 | D:1      | Reached XP level 2. HP: 9/17 MP: 5/5
   901 | D:1      | Reached skill level 4 in Stealth
  1308 | D:2      | Reached XP level 3. HP: 21/21 MP: 6/6
  1808 | D:3      | Reached skill level 1 in Shields
  1959 | D:3      | Learned a level 3 spell: Stone Arrow
  2341 | D:3      | Found a faded altar of an unknown god.
  2347 | D:3      | Reached XP level 4. HP: 17/27 MP: 5/7
  2880 | D:4      | Found a shadowy altar of Dithmenos.
  2891 | D:4      | Noticed a scorpion
  2896 | D:4      | Reached XP level 5. HP: 17/31 MP: 4/8
  3138 | D:4      | Slain by a scorpion

Illustrated notes

Levels and vault maps discovered:
D:1:      evilmike_arrival_plus, layout_basic
D:2:      layout_rooms, minmay_misc_feat_rugged
D:3:      wander_river, layout_basic, chequers_ecumenical_altar_island
D:4:      layout_rooms, mainiacjoe_overflow_alcove_1, gup_sewer_entry_pipe,
          chequers_serial_rivers_marsh, minmay_diced_spiral

Skill      XL: |  1  2  3  4 |
---------------+-------------+-----
Stealth        | 3 4 |  4.4
Shields        | 1 3 |  3.6
Dodging        | |  2.0
Spellcasting   | |  2.0
Transmutations | |  1.0
Earth Magic    | |  3.4

Action                   |  1- 3 |  4- 6 || total
-------------------------+-------+-------++-------
Melee: Unarmed           |    10 |       ||    10
       Dagger            |    50 |    11 ||    61
       Constrict         |    11 |     1 ||    12
       Tentacles         |     8 |     2 ||    10
 Cast: Sandblast         |    20 |    29 ||    49
 Stab: Sleeping          |    18 |     3 ||    21
Armor: Skin              |     7 |     3 ||    10
Dodge: Dodged            |    35 |    22 ||    57
Block: Buckler           |       |     8 ||     8
